 Dungeon Crawl Stone Soup version 0.32-a0-607-g64ea0e4219 (webtiles) character file.

Game seed: 1653816757521417449

9258 pokeman the Eclecticist (level 11, -7/60 HPs)
             Began as a Deep Elf Hedge Wizard on Mar 3, 2024.
             Was a Priest of Vehumet.
             Shot with an arrow by a centaur warrior (14 damage)
             ... on level 10 of the Dungeon.
             The game lasted 00:27:55 (10823 turns).

pokeman the Eclecticist (Deep Elf Hedge Wizard)    Turns: 10823, Time: 00:27:56

Health: -7/60      AC: 12    Str:  7    XL:     11   Next: 20%
Magic:  27/32      EV: 18    Int: 24    God:    Vehumet [***...]
Gold:   651        SH:  0    Dex: 14    Spells: 31/40 levels left

rFire   . . .        B - +1 dagger (venom)
rCold   . . .        (no shield)
rNeg    . . .        S - +0 steam dragon scales
rPois   .            O - +0 helmet
rElec   .            (no cloak)
rCorr   .            f - +0 pair of gloves
SInv    .            (no boots)
Will    +....        R - amulet of magic regeneration
Stlth   ++           j - +4 ring of protection
HPRegen 0.30/turn    n - +5 ring of evasion
MPRegen 0.63/turn

%: no passive effects
@: on blink cooldown
A: no striking features
a: Renounce Religion


You were on level 10 of the Dungeon.
You worshipped Vehumet.
Vehumet was most pleased with you.
You visited 2 branches of the dungeon, and saw 11 of its levels.

You collected 651 gold pieces.

Inventory:

Hand Weapons
 b - a +2 whip of electrocution
 B - a +1 dagger of venom (weapon)
Missiles
 q - a throwing net
 H - 2 curare-tipped darts
Armour
 f - a +0 pair of gloves (worn)
 m - a +0 buckler
 u - an orb of light
 C - the +1 robe of the Crafting Gods {rF- rN+ rCorr}
   (You found it on level 6 of the Dungeon)

   rF-:       It makes you vulnerable to fire.
   rN+:       It protects you from negative energy.
   rCorr:     It protects you from acid and corrosion.
 E - a +2 ring mail of fire resistance
 J - an orb of energy
 O - a +0 helmet (worn)
 S - +0 steam dragon scales (worn)
Magical Staves
 s - a staff of alchemy
Jewellery
 j - a +4 ring of protection (left hand)
 n - a +5 ring of evasion (right hand)
 D - an amulet of the acrobat
 K - a ring of resist corrosion
 R - an amulet of magic regeneration (around neck)
Wands
 I - a wand of paralysis (16)
Scrolls
 a - a scroll of enchant armour {unknown}
 e - 2 scrolls of amnesia {unknown}
 h - 2 scrolls of torment {unknown}
 k - 4 scrolls of revelation {unknown}
 l - 4 scrolls of teleportation {unknown}
 t - 2 scrolls of enchant weapon {unknown}
 x - 2 scrolls of identify {unknown}
 y - 2 scrolls of noise {unknown}
 A - 4 scrolls of brand weapon {unknown}
 G - 2 scrolls of vulnerability {unknown}
 L - a scroll of fog {unknown}
 N - a scroll of silence {unknown}
 P - a scroll of summoning {unknown}
 Q - a scroll of fear {unknown}
Potions
 c - a potion of cancellation {unknown}
 d - 2 potions of magic
 g - 3 potions of lignification {unknown}
 i - 5 potions of curing {unknown}
 o - 2 potions of might {unknown}
 p - 2 potions of resistance {unknown}
 r - a potion of mutation {unknown}
 v - a potion of haste {unknown}
 w - 3 potions of enlightenment {unknown}
 z - 2 potions of heal wounds {unknown}
 F - 2 potions of attraction {unknown}
 M - a potion of degeneration {unknown}


   Skills:
 + Level 3.1 Fighting
 - Level 4.0 Armour
 - Level 3.0 Dodging
 - Level 3.2 Stealth
 - Level 4.0 Shields
 * Level 15.3 Spellcasting
 + Level 9.0 Conjurations
 - Level 1.1 Summonings
 - Level 1.1 Translocations
 + Level 6.1 Fire Magic
 - Level 1.0 Air Magic
 - Level 1.0 Alchemy
 - Level 1.0 Evocations


You had 31 spell levels left.
You knew the following spells:

 Your Spells              Type           Power      Damage    Failure   Level
a - Magic Dart            Conj           100%       1d8       1%          1
b - Mephitic Cloud        Conj/Alch/Air  36%        N/A       1%          3
c - Call Imp              Summ           46%        N/A       3%          2
d - Blink                 Tloc           46%        N/A       3%          2
e - Foxfire               Conj/Fire      100%       2x1d9     1%          1

Your spell library contained the following spells:

 Spells                   Type           Power      Damage    Failure   Level
 Dazzling Flash           Conj/Hex       80%        N/A       1%          3
 Apportation              Tloc           46%        N/A       1%          1
 Necrotise                Necr           72%        1d7       3%          1
 Slow                     Hex            72%        N/A       3%          1
 Cigotuvi's Dreadful Rot  Necr/Alch/Air  42%        N/A       3%          2
 Lesser Beckoning         Tloc           46%        N/A       3%          2
 Ensorcelled Hibernation  Hex/Ice        36%        N/A       4%          2
 Jinxbite                 Hex            36%        N/A       4%          2
 Swiftness                Air            23%        N/A       6%          3
 Passwall                 Erth           18%        N/A       9%          3
 Vampiric Draining        Necr           18%        2d7       9%          3
 Martyr's Knell           Necr/Summ      21%        N/A       24%         4
 Summon Forest            Summ/Tloc      11%        N/A       47%         5
 Alistair's Intoxication  Alch           15%        N/A       50%         5
 Eringya's Noxious Bog    Alch           11%        4d6       58%         6
 Curse of Agony           Necr           18%        N/A       63%         5
 Summon Hydra             Summ           11%        N/A       100%        7


Dungeon Overview and Level Annotations

Branches:
Dungeon (10/15)            Temple (1/1) D:6
   Lair: D:8-11         Orc: D:9-12

Altars:
Ashenzari
Cheibriados
Dithmenos
Elyvilon
Fedhas
Gozag
Hepliaklqana
Kikubaaqudgha
Makhleb
Nemelex Xobeh
Okawaru
Qazlal
Ru
Sif Muna
Trog
Uskayaw
Vehumet
Wu Jian
Xom
Yredelemnul
Zin
The Shining One

Shops:
D:2 [   D:3 (

Annotations:
D:10 Maggie


Message History

Maggie is almost dead.
The foxfire hits Maggie.
Maggie is almost dead.
Casting: Foxfire (safe; 1% risk of failure)
Confirm with . or Enter, or press ? or * to list all spells.
You conjure some foxfire!
The foxfire hits the centaur warrior.
The centaur warrior is severely wounded.
Unknown command.
Casting: Foxfire (safe; 1% risk of failure)
Confirm with . or Enter, or press ? or * to list all spells.
You conjure some foxfire!
The foxfire hits the centaur warrior.
The centaur warrior is severely wounded.
The foxfire hits the centaur warrior.
The centaur warrior is severely wounded.
The centaur warrior wonders, "What am I doing in here?"
Casting: Foxfire (safe; 1% risk of failure)
Confirm with . or Enter, or press ? or * to list all spells.
You conjure some foxfire!
The foxfire hits the centaur warrior.
The centaur warrior is severely wounded.
The foxfire hits the centaur warrior.
The centaur warrior is severely wounded.
Maggie gestures wildly.
You hit the centaur warrior but do no damage.
The centaur warrior is poisoned.
The centaur warrior is severely wounded.
The centaur warrior seems less confused.
The foxfire hits the centaur warrior but does no damage.
The centaur warrior is severely wounded.
The foxfire hits the centaur warrior but does no damage.
The centaur warrior is severely wounded.
The centaur warrior hits you but does no damage.
The centaur warrior closely misses you.
Unknown command.
Unknown command.
Casting: Foxfire (safe; 1% risk of failure)
Confirm with . or Enter, or press ? or * to list all spells.
You blink.
The centaur warrior wields a +0 shortbow.
The centaur warrior shoots an arrow.
The arrow hits you!
You die...

# #...#.#.##.#.#
..#.##.#@.......#.#
.......c.#.#......#
#....#.§...########
........§###
#.....##.#
##.#..##.#
.#..###.$..##.#
.......@......#
...####.......#
##.###### .# .. #.#
.# .#


You could see Maggie (confused) and a centaur warrior (very poisoned).

Vanquished Creatures
  Erolcha (D:9)
  A two-headed ogre (D:8)
  Jeremiah (D:8)
  Psyche (D:8)
  2 trolls
  2 hornets
  4 wyverns
  4 yaks (D:9)
  3 steam dragons
  2 water moccasins
  4 orc warriors
  2 sky beasts (D:8)
  2 ice beasts
  4 black bears
  An ogre (D:5)
  10 centaurs
  4 phantoms
  7 kobold brigands
  6 bullfrogs
  2 scorpions (D:5)
  9 wights
  3 howler monkeys
  3 hounds
  A gnoll bouda (D:5)
  2 jellies
  8 orc priests
  3 sleepcaps
  4 iguanas
  14 orc wizards
  11 adders
  8 gnolls
  3 white imps
  2 ufetubi
  3 dart slugs
  4 ribbon worms
  22 orcs
  6 endoplasms
  2 giant cockroaches
  5 goblins
  7 hobgoblins
  3 quokkas
  3 ball pythons
  7 bats
  3 frilled lizards (D:1)
  32 kobolds
  3 rats
234 creatures vanquished.

Vanquished Creatures (collateral kills)
  A sleepcap (D:5)
  A foxfire (D:10)
2 creatures vanquished.

Vanquished Creatures (others)
  A bombardier beetle (D:5)
  2 orc wizards (D:5)
  640 foxfires
643 creatures vanquished.

Grand Total: 879 creatures vanquished

Notes
Turn   | Place    | Note
-------+----------+-------------------------------------------
     0 | D:1      | pokeman the Deep Elf Hedge Wizard began the quest for the
                  | Orb.
     0 | D:1      | Reached XP level 1. HP: 10/10 MP: 7/7
   452 | D:1      | Reached XP level 2. HP: 16/16 MP: 1/9
   621 | D:1      | Found a faded altar of an unknown god.
  1300 | D:2      | Reached skill level 5 in Spellcasting
  1368 | D:2      | Found Ykkuch's Armour Shoppe.
  1586 | D:2      | Reached XP level 3. HP: 20/20 MP: 9/11
  1590 | D:2      | Learned a level 3 spell: Mephitic Cloud
  1593 | D:2      | Learned a level 2 spell: Call Imp
  1596 | D:2      | Learned a level 2 spell: Blink
  1664 | D:2      | Reached skill level 1 in Armour
  2101 | D:3      | Noticed a black bear
  2101 | D:3      | Found Ecwazyor's Weapon Boutique.
  2114 | D:2      | Killed a black bear
  2115 | D:2      | Reached skill level 1 in Fighting
  2115 | D:2      | Reached XP level 4. HP: 25/25 MP: 8/13
  2169 | D:2      | Reached skill level 6 in Spellcasting
  2169 | D:2      | Reached XP level 5. HP: 29/29 MP: 7/15
  2810 | D:3      | Found a burning altar of Makhleb.
  2906 | D:4      | Reached skill level 1 in Shields
  2906 | D:4      | Reached XP level 6. HP: 25/34 MP: 9/17
  2988 | D:4      | Found a hazy altar of Hepliaklqana.
  3703 | D:4      | Found a shadowy altar of Dithmenos.
  3762 | D:5      | Entered Level 5 of the Dungeon
  3762 | D:5      | Noticed an ice beast
  3784 | D:5      | Killed an ice beast
  3785 | D:5      | Reached skill level 7 in Spellcasting
  3785 | D:5      | Reached skill level 1 in Air Magic
  3785 | D:5      | Reached skill level 1 in Alchemy
  3785 | D:5      | Reached skill level 1 in Evocations
  3968 | D:5      | Reached XP level 7. HP: 36/39 MP: 14/20
  4097 | D:5      | Reached skill level 8 in Spellcasting
  4132 | D:5      | Reached skill level 9 in Spellcasting
  4406 | D:5      | Reached XP level 8. HP: 45/45 MP: 21/23
  4426 | D:5      | Found an ancient bone altar of Kikubaaqudgha.
  4456 | D:5      | Found a broken altar of Ashenzari.
  4510 | D:5      | Found a shimmering altar of Xom.
  4811 | D:5      | Reached skill level 5 in Conjurations
  4825 | D:5      | Reached skill level 10 in Spellcasting
  5632 | D:6      | Found a staircase to the Ecumenical Temple.
  5641 | Temple   | Entered the Ecumenical Temple
  5656 | Temple   | Became a worshipper of Vehumet
  5691 | D:6      | Identified the +1 robe of the Crafting Gods {rF- rN+ rCorr}
  5858 | D:6      | Reached skill level 11 in Spellcasting
  6514 | D:7      | Reached XP level 9. HP: 50/50 MP: 21/26
  6641 | D:7      | Reached * piety under Vehumet
  6641 | D:7      | Offered knowledge of Foxfire by Vehumet.
  6651 | D:7      | Learned a level 1 spell: Foxfire
  6884 | D:7      | Found a shimmering blue altar of Sif Muna.
  6911 | D:7      | Got Sif Muna's Information on Movement
  6916 | D:7      | Found a bloodstained altar of Trog.
  6931 | D:7      | Reached skill level 1 in Fire Magic
  7031 | D:7      | Identified the +9 plate armour of Orthodoxy {rN+ Will+
                  | Str+5 Int-3}
  7371 | D:7      | Reached skill level 12 in Spellcasting
  7728 | D:8      | Noticed Jeremiah
  8053 | D:8      | Offered knowledge of Sandblast by Vehumet.
  8106 | D:8      | Reached ** piety under Vehumet
  8139 | D:8      | Noticed Psyche
  8149 | D:8      | Paralysed by Psyche for 4 turns
  8155 | D:8      | Killed Psyche
  8168 | D:8      | Reached skill level 13 in Spellcasting
  8312 | D:8      | Reached XP level 10. HP: 53/56 MP: 27/29
  8638 | D:8      | Killed Jeremiah
  8824 | D:8      | Noticed a two-headed ogre
  8867 | D:8      | Killed a two-headed ogre
  9011 | D:8      | Reached skill level 14 in Spellcasting
  9645 | D:8      | Paralysed by a hornet for 2 turns
  9648 | D:8      | Reached skill level 5 in Fire Magic
 10103 | D:9      | Offered knowledge of Dazzling Flash by Vehumet.
 10245 | D:9      | Reached XP level 11. HP: 23/60 MP: 15/31
 10253 | D:9      | Reached *** piety under Vehumet
 10254 | D:9      | Reached skill level 15 in Spellcasting
 10438 | D:9      | Noticed Erolcha
 10458 | D:9      | Killed Erolcha
 10676 | D:10     | Entered Level 10 of the Dungeon
 10778 | D:10     | Noticed Maggie
 10787 | D:10     | Noticed a centaur warrior
 10823 | D:10     | Shot with an arrow by a centaur warrior

Illustrated notes

Levels and vault maps discovered:
D:1:      reono_arrival_forest_river, layout_basic,
          hellmonk_ecumenical_altar_inner_sanctum, minivault_24,
          serial_bayou_pond_c, hangedman_decor_push, wad_floor_pattern_2,
          amcnicky_mini_pool_small
D:2:      layout_loops_ring, serial_shops, nicolae_shop_behind_doors,
          grunt_ministairs_15
D:3:      layout_rooms, lightli_temple_of_fire, serial_shops, shop,
          reono_crystal_passage
D:4:      layout_cave_pods, nzn_hepliaklqana_mist_gate, kennysheep_mini_moat
D:5:      layout_cave_pools, xom_confusion_cloud, mainiacjoe_overflow_two_lobes,
          serial_bayou, serial_bayou_lagoon_b, serial_bayou_pond_a,
          serial_bayou_shore_a, serial_bayou_pond_d, minmay_misc_feat_pillars
D:6:      nicolae_whirlpool, layout_basic, temple_fountains, minivault_1,
          minmay_crossroads
D:7:      layout_rooms, nzn_overflow_gifts_of_might_and_magic,
          minmay_parallelograms
D:8:      minmay_imperfect_grid, layout_basic,
          serial_library_hellmonk_secret_room, minmay_unpleasant_kobolds,
          uniq_psyche, uniq_jeremiah
D:9:      layout_rooms, uniq_erolcha
D:10:     layout_loops_cross, uniq_maggie
Temple:   compressed_dpeg_circular_temple

Skill      XL: |  1  2  3  4  5  6  7  8  9 10 11 |
---------------+----------------------------------+-----
Spellcasting   | 5 6 7 9 11 13 14 15 | 15.3
Armour         | 1 2 3 4 |  4.0
Fighting       | 1 2 3 |  3.1
Dodging        | 3 |  3.0
Conjurations   | 2 3 4 6 7 8 9 |  9.0
Stealth        | 3 |  3.2
Shields        | 1 3 4 |  4.0
Air Magic      | 1 |  1.0
Alchemy        | 1 |  1.0
Evocations     | 1 |  1.0
Fire Magic     | 3 5 6 |  6.1
Summonings     | |  1.1
Translocations | |  1.1

Action                     |  1- 3 |  4- 6 |  7- 9 | 10-12 || total
---------------------------+-------+-------+-------+-------++-------
  Melee: Dagger            |     6 |    93 |   166 |   106 ||   371
         Unarmed           |       |       |    32 |       ||    32
   Cast: Magic Dart        |    74 |    55 |   105 |     7 ||   241
         Mephitic Cloud    |     1 |     8 |    27 |    29 ||    65
         Blink             |       |     2 |     3 |     4 ||     9
         Call Imp          |       |     2 |     2 |       ||     4
         Foxfire           |       |       |   102 |   244 ||   346
   Stab: Sleeping          |     2 |     1 |       |       ||     3
         Confused          |     1 |     7 |    12 |     4 ||    24
         Distracted        |       |       |     1 |       ||     1
 Armour: Robe              |     4 |    27 |   108 |    49 ||   188
         Skin              |       |       |    18 |       ||    18
         Steam dragon scal |       |       |       |    21 ||    21
  Dodge: Dodged            |    16 |    76 |   292 |   118 ||   502

Table legend: (Time is in decaauts)
 A = Elapsed time spent in this place.
 B = Non-inter-level travel time spent in this place.
 C = Inter-level travel time spent in this place.
 D = Time resting spent in this place.
 E = Time spent auto-exploring this place.
 F = Levels seen in this place.
 G = Mean time per level.
                   A        B        C        D        E       F      G
               +--------+--------+--------+--------+--------+-----+--------+
         Total |  10885 |  10747 |    138 |    622 |   8280 |  11 |  989.5 |
       Dungeon |  10854 |  10730 |    124 |    622 |   8280 |  10 | 1085.4 |
        Temple |     30 |     16 |     14 |      0 |      0 |   1 |   30.0 |
               +--------+--------+--------+--------+--------+-----+--------+

Top non-repeatable levels by time:
     D:8: 1936 daAuts
     D:7: 1476 daAuts
     D:6: 1398 daAuts
     D:5: 1277 daAuts
     D:2: 1191 daAuts
     D:1: 1119 daAuts
     D:4: 959 daAuts
     D:9: 752 daAuts
     D:3: 596 daAuts
    D:10: 146 daAuts
  Temple: 30 daAuts
